 Dungeon Crawl Stone Soup version 0.23.2-1-ga50397a6bc (webtiles) character file.

Game seed: 18040120395233068745

53 Freyura the Magician (level 3, -10/26 HPs)
             Began as a Gnoll Wizard on May 29, 2019.
             Was an Initiate of Vehumet.
             Engulfed by a cloud of flame (18 damage)
             ... on level 2 of the Dungeon.
             The game lasted 00:05:42 (1001 turns).

Freyura the Magician (Gnoll Wizard)                 Turns: 1001, Time: 00:05:42

Health: -10/26     AC:  2    Str:  9    XL:     3   Next: 87%
Magic:  11/11      EV: 14    Int: 21    God:    Vehumet [......]
Gold:   144        SH:  0    Dex: 13    Spells: 13/16 levels left

rFire    . . .     SeeInvis .   g - +0 whip
rCold    . . .     Gourm    .   (no shield)
rNeg     . . .     Faith    .   a - +0 robe
rPois    .         Spirit   .   b - +0 hat
rElec    .         Reflect  .   (no cloak)
rCorr    .         Harm     .   (no gloves)
MR       .....                  (no boots)
Stlth    +++.......             (no amulet)
HPRegen  0.08/turn              (no ring)
MPRegen  0.12/turn              (no ring)

@: no status effects
A: distributed training, fangs 1, strong nose
a: Renounce Religion


You were on level 2 of the Dungeon.
You worshipped Vehumet.
Vehumet was noncommittal.
You were not hungry.

You visited 1 branch of the dungeon, and saw 2 of its levels.

You collected 144 gold pieces.

Inventory:

Hand Weapons
 g - a +0 whip (weapon)
Armour
 a - a +0 robe (worn)
 b - a +0 hat (worn)
Scrolls
 c - a scroll of remove curse {unknown}
 f - a scroll of fear {unknown}
 i - 2 scrolls of enchant weapon {unknown}
 l - a scroll of magic mapping {unknown}
Potions
 e - a potion of curing {unknown}
 h - a potion of ambrosia {unknown}
 j - a potion of invisibility {unknown}
 k - a potion of degeneration {unknown}
 m - a potion of resistance {unknown}
Comestibles
 d - 2 rations


   Skills:
 + Level 1.0 Fighting
 + Level 1.0 Short Blades
 + Level 1.0 Long Blades
 + Level 1.0 Axes
 + Level 1.0 Maces & Flails
 + Level 1.0 Polearms
 + Level 1.0 Staves
 + Level 1.0 Slings
 + Level 1.0 Bows
 + Level 1.0 Crossbows
 + Level 1.0 Throwing
 + Level 1.0 Armour
 + Level 4.6 Dodging
 + Level 4.2 Stealth
 + Level 1.0 Shields
 + Level 1.0 Unarmed Combat
 + Level 7.1 Spellcasting
 + Level 2.1 Conjurations
 + Level 0.7 Hexes
 + Level 0.7 Charms
 + Level 2.1 Summonings
 + Level 0.7 Necromancy
 + Level 2.1 Translocations
 + Level 0.7 Transmutations
 + Level 0.7 Fire Magic
 + Level 0.7 Ice Magic
 + Level 0.7 Air Magic
 + Level 0.7 Earth Magic
 + Level 0.7 Poison Magic
 + Level 1.0 Invocations
 + Level 1.0 Evocations


You had 13 spell levels left.
You knew the following spells:

 Your Spells              Type           Power        Failure   Level  Hunger
a - Magic Dart            Conj           ###.         3%          1    None
b - Call Imp              Summ           ###.....     5%          2    None

Your spell library contained the following spells:

 Spells                   Type           Power        Failure   Level  Hunger
 Blink                    Tloc           N/A          5%          2    None
 Slow                     Hex            ##......     10%         2    None
 Conjure Flame            Conj/Fire      ##......     14%         3    None
 Mephitic Cloud           Conj/Pois/Air  ##......     16%         3    None


Dungeon Overview and Level Annotations

Branches:
Dungeon (2/15)

Altars:
Uskayaw
Vehumet


Innate Abilities, Weirdness & Mutations

Your experience applies equally to all skills.
You have very sharp teeth.
Your uncanny sense of smell can sniff out nearby items.


Message History

Your Bows skill increases to level 1!
Your Crossbows skill increases to level 1!
Your Throwing skill increases to level 1!
Your Armour skill increases to level 1!
Your Shields skill increases to level 1!
Your Unarmed Combat skill increases to level 1!
Your Evocations skill increases to level 1!
You start resting.
Magic restored.
Found a ration.
Really walk into a travel-excluded area?
You see here a rat corpse.
You are engulfed in blazing flames.
Ouch! That really hurt!
There is a radiant altar of Vehumet here.
You kneel at the altar of Vehumet.
Vehumet welcomes you!
You are engulfed in blazing flames.
Ouch! That really hurt!
You die...

#.. .# #.# ... #.# #)#
... ..###..##
#.######.#.#..## #..
..###†.....# #.#
#.#.#.§§.§.# #
##.###.#.....@..#####
####...##.#...§§.○......
....._......#....○.#.###
#.##...######.###### #
#.###.## #.# #.# #.# #%#
#.. ..# #.# #####.# #.#
... #.#


There were no monsters in sight!

Vanquished Creatures
  2 adders (D:2)
  A leopard gecko (D:1)
  6 goblins
  2 ball pythons
  3 bats
  3 frilled lizards (D:1)
  5 kobolds
  11 rats
33 creatures vanquished.

Vanquished Creatures (collateral kills)
  An adder (D:2)
  A quokka (D:2)
2 creatures vanquished.

Vanquished Creatures (others)
  A kobold (D:2)
  A rat (D:2)
2 creatures vanquished.

Grand Total: 37 creatures vanquished

Notes
Turn   | Place    | Note
-------+----------+-------------------------------------------
     0 | D:1      | Freyura the Gnoll Wizard began the quest for the Orb.
     0 | D:1      | Reached XP level 1. HP: 13/13 MP: 8/8
   186 | D:1      | Reached XP level 2. HP: 19/19 MP: 7/10
   190 | D:1      | Learned a level 2 spell: Call Imp
   755 | D:2      | Reached XP level 3. HP: 25/25 MP: 4/11
   821 | D:2      | Found a hide-covered altar of Uskayaw.
   837 | D:2      | Reached skill level 1 in Invocations
   916 | D:2      | Found a radiant altar of Vehumet.
   929 | D:2      | Reached skill level 1 in Fighting
   929 | D:2      | Reached skill level 1 in Short Blades
   929 | D:2      | Reached skill level 1 in Long Blades
   929 | D:2      | Reached skill level 1 in Axes
   929 | D:2      | Reached skill level 1 in Maces & Flails
   929 | D:2      | Reached skill level 1 in Polearms
   929 | D:2      | Reached skill level 1 in Staves
   929 | D:2      | Reached skill level 1 in Slings
   929 | D:2      | Reached skill level 1 in Bows
   929 | D:2      | Reached skill level 1 in Crossbows
   929 | D:2      | Reached skill level 1 in Throwing
   929 | D:2      | Reached skill level 1 in Armour
   929 | D:2      | Reached skill level 1 in Shields
   929 | D:2      | Reached skill level 1 in Unarmed Combat
   929 | D:2      | Reached skill level 1 in Evocations
  1001 | D:2      | Became a worshipper of Vehumet
  1001 | D:2      | Engulfed by a cloud of flame

Skill      XL: |  1  2  3 |
---------------+----------+-----
Conjurations   | 2 |  2.1
Summonings     | 2 |  2.1
Translocations | 2 |  2.1
Invocations    | 1 |  1.0
Fighting       | 1 |  1.0
Short Blades   | 1 |  1.0
Long Blades    | 1 |  1.0
Axes           | 1 |  1.0
Maces & Flails | 1 |  1.0
Polearms       | 1 |  1.0
Staves         | 1 |  1.0
Slings         | 1 |  1.0
Bows           | 1 |  1.0
Crossbows      | 1 |  1.0
Throwing       | 1 |  1.0
Armour         | 1 |  1.0
Shields        | 1 |  1.0
Unarmed Combat | 1 |  1.0
Evocations     | 1 |  1.0
Dodging        | |  4.6
Stealth        | |  4.2
Spellcasting   | |  7.1
Hexes          | |  0.7
Charms         | |  0.7
Necromancy     | |  0.7
Transmutations | |  0.7
Fire Magic     | |  0.7
Ice Magic      | |  0.7
Air Magic      | |  0.7
Earth Magic    | |  0.7
Poison Magic   | |  0.7

Action                   || total
-------------------------++-------
 Cast: Magic Dart        ||    53
       Call Imp          ||     4
Armor: Robe              ||     1
Dodge: Dodged            ||     1
